 Dungeon Crawl Stone Soup version 0.22.1-2-g9c5b331383 (webtiles) character file.

6440 Jerry the Carver (level 10, -1/83 HPs)
             Began as a Merfolk Gladiator on Nov 24, 2018.
             Was an Initiate of Gozag.
             Slain by a troll (10 damage)
             ... on level 10 of the Dungeon.
             The game lasted 00:34:37 (12542 turns).

Jerry the Carver (Merfolk Gladiator)               Turns: 12542, Time: 00:34:37

Health: -1/83      AC:  8    Str: 18    XL:     10   Next: 99%
Magic:  0/10       EV: 14    Int:  8    God:    Gozag
Gold:   1278       SH:  0    Dex: 15    Spells: 9/9 levels left

rFire    . . .     SeeInvis .   a - +0 long sword
rCold    . . .     Gourm    .   (no shield)
rNeg     . . .     Faith    .   x - +1 ring mail {rPois}
rPois    +         Spirit   +   c - +0 helmet
rElec    .         Reflect  .   n - scarf {Spirit}
rCorr    .         Harm     .   (no gloves)
MR       +....                  (no boots)
Stlth    ++........             j - amulet of magic regeneration
HPRegen  0.23/turn              z - ring of stealth
MPRegen  0.37/turn              B - ring of protection from magic

@: no status effects
A: change form in water, swift swim, stealthy swim
a: Potion Petition, Call Merchant, Bribe Branch, Renounce Religion


You were on level 10 of the Dungeon.
You worshipped Gozag.
Gozag was most pleased with you.
You were hungry.

You visited 2 branches of the dungeon, and saw 11 of its levels.

You collected 1605 gold pieces.
You spent 264 gold pieces at shops.
You paid 63 gold pieces to Gozag.

Inventory:

Hand Weapons
 a - a +0 long sword (weapon)
 p - a +0 dagger of draining
Armour
 c - a +0 helmet (worn)
 n - a scarf of spirit shield (worn)
 x - a +1 ring mail of poison resistance (worn)
Jewellery
 j - an amulet of magic regeneration (around neck)
 v - an uncursed ring of poison resistance
 y - an uncursed amulet of the acrobat
 z - a ring of stealth (left hand)
 B - a ring of protection from magic (right hand)
 G - an uncursed ring of protection from fire
Wands
 i - a wand of scattershot (9)
 q - a wand of polymorph (6)
 s - a wand of flame (20)
 w - a wand of iceblast (9)
Scrolls
 b - 5 scrolls of remove curse
 g - a scroll of identify
 h - 2 scrolls of amnesia
 t - a scroll of enchant armour {unknown}
 C - a scroll of fear {unknown}
 D - a scroll of summoning {unknown}
 E - a scroll of teleportation
 F - a scroll of enchant weapon {unknown}
Potions
 e - a potion of brilliance
 k - 3 potions of flight
 l - a potion of berserk rage
 m - a potion of invisibility
 o - 4 potions of curing
 r - a potion of mutation {unknown}
 u - 2 potions of haste {unknown}
 A - 2 potions of agility {unknown}
Comestibles
 f - 14 rations


   Skills:
 + Level 9.1 Fighting
 * Level 12.5 Long Blades
 - Level 2.0 Throwing
 + Level 6.0 Armour
 - Level 5.1 Dodging


You had 9 spell levels left.
You didn't know any spells.
Your spell library was empty.

Dungeon Overview and Level Annotations

Branches:
Dungeon (10/15)            Temple (1/1) D:6             Orc (0/2) D:10
   Lair: D:8-11

Altars:
Ashenzari
Cheibriados
Dithmenos
Elyvilon
Fedhas
Gozag
Hepliaklqana
Kikubaaqudgha
Makhleb
Nemelex Xobeh
Okawaru
Qazlal
Ru
Sif Muna
Trog
Uskayaw
Vehumet
Wu Jian
Xom
Yredelemnul
Zin
The Shining One

Shops:
D:5 *[}   D:6 =


Message History

The troll is severely wounded.
The troll struggles against the net.
The net rips apart, and the troll comes free!
Your ring mail prevents you from hitting the troll.
The troll is severely wounded.
The troll bites you! The troll closely misses you. The troll claws you!
* * * LOW HITPOINT WARNING * * *
You hit the troll but do no damage.
The troll is severely wounded.
You hit the troll.
The troll is severely wounded.
The troll barely misses you.
You riposte.
You closely miss the troll.
The troll is severely wounded.
The troll closely misses you. The troll claws you!
* * * LOW HITPOINT WARNING * * *
You closely miss the troll.
The troll is severely wounded.
The troll bites you!
You die...
Your body crumbles into a pile of gold.

....... .............
....... ............
....... #.........
.....).
#........##############
#........#.............
#........#.............
#........#(............
#.....@T.#.............
#.....####.............
#.....#................
#.....#................
#.....#................
#.....#................
#.....#.........####+##
#.....#......####
#.....#......#


You could see a troll.

Vanquished Creatures
  2 two-headed ogres
  A centaur skeleton (D:10)
  A merfolk (D:9)
  A wyvern (D:8)
  4 wargs
  2 ice beasts
  4 sky beasts
  An orc warrior (D:7)
  3 phantoms
  6 ogres
  8 centaurs
  3 big kobolds
  3 bullfrogs
  4 scorpions
  5 killer bees (D:7)
  3 howler monkeys
  2 crimson imps (D:6)
  2 bullfrog zombies
  A quasit (D:7)
  2 centaur zombies
  5 hounds
  2 orc priests
  A jelly (D:8)
  A bullfrog skeleton (D:9)
  An iguana (D:6)
  5 orc wizards
  Jessica (D:3)
  Ijyb (D:3)
  Natasha (twice) (D:3)
  4 worker ants
  A hound skeleton (D:4)
  A worker ant zombie (D:5)
  Robin (D:2)
  6 gnolls
  8 adders
  A howler monkey skeleton (D:5)
  2 shadow imps (D:6)
  An adder zombie (D:9)
  3 worms
  6 dart slugs
  3 leopard geckos
  14 orcs
  6 bats
  6 giant cockroaches
  14 goblins
  7 hobgoblins
  2 jackals (D:1)
  4 quokkas
  7 ball pythons
  4 frilled lizards
  A jackal zombie (D:5)
  13 kobolds
  A quokka zombie (D:5)
  8 rats
201 creatures vanquished.

Notes
Turn   | Place    | Note
-------+----------+-------------------------------------------
     0 | D:1      | Jerry the Merfolk Gladiator began the quest for the Orb.
     0 | D:1      | Reached XP level 1. HP: 16/16 MP: 1/1
    44 | D:1      | Reached XP level 2. HP: 9/23 MP: 2/2
   881 | D:1      | Reached XP level 3. HP: 18/28 MP: 3/3
  1217 | D:2      | Reached skill level 4 in Long Blades
  1423 | D:2      | Found an ornate altar of the Wu Jian Council.
  1672 | D:2      | Noticed Robin
  1875 | D:1      | Reached XP level 4. HP: 21/34 MP: 4/4
  2093 | D:2      | Killed Robin
  2093 | D:2      | Reached skill level 1 in Armour
  2359 | D:2      | Found a radiant altar of Vehumet.
  2900 | D:3      | Noticed Natasha
  2912 | D:3      | Killed Natasha
  2912 | D:3      | Reached XP level 5. HP: 35/41 MP: 5/5
  3028 | D:3      | Noticed Jessica
  3045 | D:3      | Noticed Natasha
  3050 | D:3      | Killed Jessica
  3052 | D:3      | Killed Natasha
  3052 | D:3      | Reached skill level 5 in Dodging
  3409 | D:3      | Noticed Ijyb
  3427 | D:3      | Killed Ijyb
  3427 | D:3      | Reached skill level 5 in Long Blades
  3558 | D:3      | Found an opulent altar of Gozag.
  3762 | D:3      | Became a worshipper of Gozag Ym Sagoz the Greedy
  3792 | D:4      | Reached XP level 6. HP: 42/48 MP: 6/6
  4092 | D:4      | Noticed a phantom
  4099 | D:4      | Killed a phantom
  4211 | D:4      | Found a hazy altar of Hepliaklqana.
  4404 | D:4      | Noticed a sky beast
  4424 | D:4      | Killed a sky beast
  4424 | D:4      | Reached skill level 6 in Long Blades
  4424 | D:4      | Reached XP level 7. HP: 45/54 MP: 7/7
  4500 | D:4      | Found a deep blue altar of Sif Muna.
  4749 | D:5      | Entered Level 5 of the Dungeon
  4749 | D:5      | Found Caugguvyss's Assorted Antiques.
  4761 | D:5      | Bought a scroll of identify for 44 gold pieces
  4761 | D:5      | Bought a small brass ring for 110 gold pieces
  4761 | D:5      | Bought a knobbly emerald ring for 110 gold pieces
  5185 | D:5      | Reached skill level 7 in Long Blades
  5217 | D:5      | Found Geogituw's Gadget Shoppe.
  5275 | D:5      | Reached skill level 5 in Fighting
  5275 | D:5      | Reached XP level 8. HP: 36/62 MP: 8/8
  5815 | D:5      | Found a sacrificial altar of Ru.
  6039 | D:5      | Found Usmoaj's Armour Emporium.
  6552 | D:6      | Reached skill level 8 in Long Blades
  6619 | D:6      | Noticed a two-headed ogre
  6960 | D:6      | Found a staircase to the Ecumenical Temple.
  6966 | Temple   | Entered the Ecumenical Temple
  7331 | D:6      | Found Wuydaqosk's Jewellery Boutique.
  7790 | D:7      | Noticed a yak
  7791 | D:7      | Noticed a yak
  7792 | D:7      | Noticed a yak
  7969 | D:7      | Found a hide-covered altar of Uskayaw.
  7999 | D:7      | Reached skill level 9 in Long Blades
  7999 | D:7      | Reached XP level 9. HP: 55/70 MP: 9/9
  8234 | D:7      | Found a shadowy altar of Dithmenos.
  8234 | D:7      | Found an ancient bone altar of Kikubaaqudgha.
  9246 | D:8      | Reached skill level 10 in Long Blades
  9400 | D:8      | Noticed a two-headed ogre
  9415 | D:8      | Killed a two-headed ogre
  9510 | D:8      | Found a burning altar of Makhleb.
  9799 | D:7      | Reached skill level 5 in Armour
  9799 | D:7      | Reached XP level 10. HP: 34/80 MP: 5/10
 10026 | D:8      | Reached skill level 11 in Long Blades
 10286 | D:9      | Noticed a two-headed ogre
 11144 | D:9      | Killed a two-headed ogre
 11144 | D:9      | Reached skill level 12 in Long Blades
 11889 | D:10     | Entered Level 10 of the Dungeon
 11954 | D:10     | Found a staircase to the Orcish Mines.
 12542 | D:10     | Slain by a troll

Skill      XL: |  1  2  3  4  5  6  7  8  9 10 |
---------------+-------------------------------+-----
Long Blades    | 4 5 6 7 9 10 12 | 12.5
Fighting       | 3 4 5 6 7 9 |  9.1
Armour         | 1 2 3 5 6 |  6.0
Dodging        | 5 |  5.1
Throwing       | |  2.0

Action                   |  1- 3 |  4- 6 |  7- 9 | 10-12 || total
-------------------------+-------+-------+-------+-------++-------
Melee: Long sword        |   121 |   130 |   413 |   292 ||   956
       Dagger            |       |    10 |       |       ||    10
       Tailslap          |       |       |       |     3 ||     3
Throw: Throwing net      |       |     1 |     2 |     2 ||     5
Evoke: Wand              |       |     6 |    21 |    16 ||    43
  Use: Scroll            |       |     4 |     4 |     2 ||    10
       Potion            |       |       |     1 |       ||     1
 Stab: Sleeping          |       |     3 |     1 |     2 ||     6
       Distracted        |       |       |     1 |     1 ||     2
       Held in net/web   |       |       |     1 |     1 ||     2
  Eat: Chunk             |     3 |     7 |       |       ||    10
       Ration            |       |     1 |     5 |     2 ||     8
Armor: Leather armour    |    42 |    22 |       |       ||    64
       Ring mail         |       |     5 |   123 |    63 ||   191
       Skin              |       |       |       |     8 ||     8
Dodge: Dodged            |   114 |   108 |   266 |   174 ||   662
       Rpst.: Long sword |    33 |    29 |    71 |    51 ||   184
